 Dungeon Crawl Stone Soup version 0.30-a0-1002-ga41ad49a19 (webtiles) character file.

Game seed: 12380251925631201423

79 112233 the Firebug (level 4, 0/24 HPs)
             Began as a Deep Elf Fire Elementalist on Apr 5, 2023.
             Slain by an orc
             ... wielding a +0 short sword
              (1 damage)
             ... on level 3 of the Dungeon.
             The game lasted 00:01:54 (3160 turns).

112233 the Firebug (Deep Elf Fire Elementalist)     Turns: 3160, Time: 00:01:55

Health: 0/24       AC:  2    Str:  3 (5)  XL:     4   Next: 17%
Magic:  7/11       EV: 13    Int: 20 (22) God:
Gold:   118        SH:  0    Dex: 18 (21) Spells: 7/10 levels left

rFire   . . .      SeeInvis .    (no weapon)
rCold   . . .      Faith    +    (no shield)
rNeg    . . .      Spirit   .    a - +0 robe
rPois   .          Reflect  .    (no helmet)
rElec   .          Rampage  .    (no cloak)
rCorr   +                        (no gloves)
Will    .....                    (no boots)
Stlth   ++                       n - amulet of faith
HPRegen 0.24/turn                c - +6 ring of dexterity
MPRegen 0.12/turn                l - ring of resist corrosion

@: no status effects
A: no striking features
a: no special abilities


You were on level 3 of the Dungeon.
You visited 1 branch of the dungeon, and saw 4 of its levels.

You collected 118 gold pieces.

Inventory:

Armour
 a - a +0 robe (worn)
Jewellery
 c - a +6 ring of dexterity (left hand)
 l - a ring of resist corrosion (right hand)
 n - an amulet of faith (around neck)
Wands
 j - a wand of roots (5)
 m - a wand of mindburst (18)
Scrolls
 b - 3 scrolls of identify {unknown}
 d - a scroll of silence {unknown}
 f - 2 scrolls of enchant weapon {unknown}
 g - 2 scrolls of teleportation {unknown}
 i - a scroll of amnesia {unknown}
Potions
 k - a potion of degeneration


   Skills:
 + Level 0.7 Fighting
 * Level 3.5 Dodging
 - Level 2.8 Stealth
 + Level 3.9 Spellcasting
 - Level 1.5 Conjurations
 + Level 3.9 Fire Magic


You had 7 spell levels left.
You knew the following spells:

 Your Spells              Type           Power      Damage    Failure   Level
a - Foxfire               Conj/Fire      56%        2x1d6     4%          1
b - Scorch                Fire           38%        2d7       4%          2

Your spell library contained the following spells:

 Spells                   Type           Power      Damage    Failure   Level
 Inner Flame              Hex/Fire       11%        N/A       17%         3
 Kindle Blastsparks       Fire/Tloc/Air  18%        2d11      22%         3
 Flame Wave               Conj/Fire      14%        2d6       38%         4


Dungeon Overview and Level Annotations

Branches:
Dungeon (4/15)
 Temple: D:4-7

Altars:

Shops:
D:1 *

Annotations:
D:2 exclusion: downstairs


Message History

Casting: Foxfire (safe; 3% risk of failure)
Confirm with . or Enter, or press ? or * to list all spells.
Flames lash the orc.
You kill the orc!
You hear some strange, mumbled words.
A puff of flame appears from out of thin air!
Deactivating autopickup; reactivate with Ctrl-A.
The puff of flame misses you. The orc misses you. The orc closely misses you.
Something barely misses you.
Unknown command.
Casting: Scorch (safe; 3% risk of failure)
Confirm with . or Enter, or press ? or * to list all spells.
Flames lash something.
You hear some strange, mumbled words.
You are confused.
The orc hits you with a +0 short sword.
* * * LOW HITPOINT WARNING * * *
The orc barely misses you. Something hits you.
* * * LOW HITPOINT WARNING * * *
Unknown command.
It was a potion of brilliance.
You feel clever all of a sudden.
You hear some strange, mumbled words.
Something tries to affect you, but you resist.
The orc closely misses you.
Unknown command.
It was a potion of degeneration.
There was something very wrong with that liquid.
You feel weakened.
You feel dopey.
You feel clumsy. The orc hits you with a +0 short sword.
* * * LOW HITPOINT WARNING * * *
Something hits you but does no damage.
It was a potion of cancellation.
Your magical effects are unravelling.
You feel magically purged.
You feel less confused.
You feel a little less clever now. Something hits you.
* * * LOW HITPOINT WARNING * * *
The orc hits you with a +0 short sword.
You die...

.......#.## #..............
.......#..## #........#.....
...........####......).(.....
......†......##......#.##....
.............##......#w.. .
.............##.######.....
....................+.......
###'##....o....######.......
#. #....{@........ ....... #
#.....)######## ..o....
#......# #......# ########


You could see an orc.

Vanquished Creatures
  3 worms
  2 orcs (D:3)
  7 bats
  6 endoplasms
  5 giant cockroaches
  7 goblins
  7 hobgoblins
  3 jackals (D:1)
  9 kobolds
  A quokka (D:1)
  6 ball pythons
  2 frilled lizards (D:1)
  3 rats (D:1)
61 creatures vanquished.

Vanquished Creatures (others)
  328 foxfires
328 creatures vanquished.

Grand Total: 389 creatures vanquished

Notes
Turn   | Place    | Note
-------+----------+-------------------------------------------
     0 | D:1      | 112233 the Deep Elf Fire Elementalist began the quest for
                  | the Orb.
     0 | D:1      | Reached XP level 1. HP: 10/10 MP: 6/6
   101 | D:1      | Reached XP level 2. HP: 3/15 MP: 0/8
   253 | D:1      | Found Veurher's Assorted Antiques.
   808 | D:1      | Reached XP level 3. HP: 19/19 MP: 7/10
  1118 | D:1      | Learned a level 2 spell: Scorch
  2426 | D:2      | Reached XP level 4. HP: 24/24 MP: 4/11
  3160 | D:3      | HP: 1/24 [something (3)]
  3160 | D:3      | Slain by an orc

Illustrated notes

Levels and vault maps discovered:
D:1:      matt_arrival_grand_opening, layout_loops_ring, serial_shops,
          nicolae_diamond_shop, hangedman_decor_peaks_small
D:2:      layout_basic, minmay_hexomino_f4
D:3:      layout_basic
D:4:      layout_gridville, cheibrodos_sewer_entry_bend, guppyfry_shop_venom

Skill      XL: |  1  2  3 |
---------------+----------+-----
Dodging        | 3 |  3.5
Fighting       | |  0.7
Stealth        | |  2.8
Spellcasting   | |  3.9
Conjurations   | |  1.5
Fire Magic     | |  3.9

Action                     |  1- 3 |  4- 6 || total
---------------------------+-------+-------++-------
   Cast: Foxfire           |   165 |    27 ||   192
         Scorch            |       |     2 ||     2
    Use: Potion            |     1 |     3 ||     4
 Armour: Robe              |     6 |     2 ||     8
  Dodge: Dodged            |    21 |    10 ||    31

Table legend: (Time is in decaauts)
 A = Elapsed time spent in this place.
 B = Non-inter-level travel time spent in this place.
 C = Inter-level travel time spent in this place.
 D = Time resting spent in this place.
 E = Time spent auto-exploring this place.
 F = Levels seen in this place.
 G = Mean time per level.
                   A        B        C        D        E       F      G
               +--------+--------+--------+--------+--------+-----+--------+
         Total |   3159 |   3082 |     77 |     64 |   2495 |   4 |  789.8 |
       Dungeon |   3159 |   3082 |     77 |     64 |   2495 |   4 |  789.8 |
               +--------+--------+--------+--------+--------+-----+--------+

Top non-repeatable levels by time:
     D:2: 1517 daAuts
     D:1: 1312 daAuts
     D:3: 319 daAuts
     D:4: 9 daAuts
